 Dungeon Crawl Stone Soup version 0.23.2-40-g277498a001 (webtiles) character file.

Game seed: 14106147446254450519

11 Descartes the Insei (level 2, -1/18 HPs)
             Began as an Octopode Transmuter on Sept 26, 2019.
             Succumbed to a kobold's poison
             ... on level 1 of the Dungeon.
             The game lasted 00:01:04 (499 turns).

Descartes the Insei (Octopode Transmuter)            Turns: 499, Time: 00:01:05

Health: -1/18      AC:  1    Str:  9    XL:     2   Next: 25%
Magic:  5/5        EV: 13    Int: 15    God:
Gold:   20         SH:  0    Dex: 12    Spells: 4/5 levels left

rFire    . . .     SeeInvis .   h - +0 dagger
rCold    . . .     Gourm    .   (no shield)
rNeg     . . .     Faith    .   (helmet restricted)
rPois    .         Spirit   .   (no amulet)
rElec    .         Reflect  .   (no ring)
rCorr    .         Harm     .   (no ring)
MR       .....                  (no ring)
Stlth    +++.......             (no ring)
HPRegen  0.06/turn              (no ring)
MPRegen  0.09/turn              (no ring)
                                (no ring)
                                (no ring)

@: lethally poisoned (-1 -> -28)
A: almost no armour, stealthy swim, amphibious, 8 rings, constrict 8, camouflage
1, gelatinous body 1
a: no special abilities


You were on level 1 of the Dungeon.
You were not hungry.

You visited 1 branch of the dungeon, and saw 1 of its levels.

You collected 20 gold pieces.

Inventory:

Hand Weapons
 h - a +0 dagger (weapon)
Missiles
 a - 12 arrows
 b - 13 stones (quivered)
Scrolls
 d - a scroll of enchant weapon {unknown}
 e - a scroll of remove curse {unknown}
 g - a scroll of fear {unknown}
Potions
 f - a potion of brilliance {unknown}
Comestibles
 c - 2 rations
 i - 3 chunks of flesh


   Skills:
 + Level 1.2 Fighting
 + Level 2.1 Dodging
 + Level 1.0 Stealth
 + Level 3.1 Unarmed Combat
 + Level 2.1 Spellcasting
 + Level 2.1 Transmutations


You had 4 spell levels left.
You knew the following spells:

 Your Spells              Type           Power        Failure   Level  Hunger
a - Beastly Appendage     Tmut           #.....       9%          1    #......

Your spell library contained the following spells:

 Spells                   Type           Power        Failure   Level  Hunger
 Sticks to Snakes         Tmut           #.......     14%         2    ###....
 Spider Form              Tmut/Pois      #.........   38%         3    ###....
 Ice Form                 Ice/Tmut       #.......     80%         4    #####..
 Blade Hands              Tmut           #.........   94%         5    ######.


Dungeon Overview and Level Annotations

Branches:
Dungeon (1/15)

Altars:


Innate Abilities, Weirdness & Mutations

You cannot wear most types of armour.
You are very stealthy in the water. (Stealth+)
You are amphibious.
You can wear up to eight rings at the same time.
You can use your tentacles to constrict eight enemies at once.
Your skin changes colour to match your surroundings (Stealth+).
Your rubbery body absorbs attacks. (AC +1, EV +1)


Message History

You are lethally poisoned!
You are too injured to fight recklessly!
You are too injured to fight recklessly!
You are too injured to fight recklessly!
You barely miss the kobold. Your grab misses the kobold.
You feel sick.
The kobold hits you with a +3 dagger of venom.
You are more poisoned.
You hit the kobold. You grab the kobold.
The kobold is moderately wounded.
You constrict the kobold, but do no damage.
* * * LOW HITPOINT WARNING * * *
You feel sick.
The kobold hits you with a +3 dagger of venom.
* * * LOW HITPOINT WARNING * * *
You are more poisoned.
You hit the kobold but do no damage. You squeeze the kobold.
You kill the kobold!
* * * LOW HITPOINT WARNING * * *
You feel sick.
You die...

...........) ..
...##........### #.###
...##........# #
........#.........### #.
...#...#.........#.. #.#
.........######...# .##..#
#.................. ......#
#.#............####
...$...##.@..............##
...........................
....................#.>...
###.....[...##......###..
##..#)#...........#..####
#...)...###.....####.####
......##..###..##...........
..... ##.###.###.####......
.... #.........#.........


There were no monsters in sight!

Vanquished Creatures
  A goblin (D:1)
  4 hobgoblins (D:1)
  2 bats (D:1)
  4 kobolds (D:1)
11 creatures vanquished.

Notes
Turn   | Place    | Note
-------+----------+-------------------------------------------
     0 | D:1      | Descartes the Octopode Transmuter began the quest for the
                  | Orb.
     0 | D:1      | Reached XP level 1. HP: 13/13 MP: 3/3
   101 | D:1      | Reached XP level 2. HP: 4/18 MP: 5/5
   480 | D:1      | Reached skill level 1 in Stealth
   499 | D:1      | Succumbed to a kobold's poison

Skill      XL: |  1  2 |
---------------+-------+-----
Stealth        | 1 |  1.0
Fighting       | |  1.2
Dodging        | |  2.1
Unarmed Combat | |  3.1
Spellcasting   | |  2.1
Transmutations | |  2.1

Action                   || total
-------------------------++-------
Melee: Unarmed           ||    27
       Constrict         ||     9
       Tentacles         ||     6
       Dagger            ||    10
       Punch             ||     1
Armor: Skin              ||     8
Dodge: Dodged            ||    27
